 Dungeon Crawl Stone Soup version 0.22.0-27-ga576289 (webtiles) character file.

261 iamserjio the Ruffian (level 5, -6/79 HPs)
             Began as a Troll Fighter on Aug 22, 2018.
             Killed by divine providence
             ... invoked by an orc priest
              (12 damage)
             ... on level 4 of the Dungeon.
             The game lasted 00:02:44 (343 turns).

iamserjio the Ruffian (Troll Fighter)                Turns: 343, Time: 00:02:45

Health: -6/79      AC:  5    Str: 29    XL:     5   Next: 96%
Magic:  4/4        EV:  8    Int:  5    God:
Gold:   41         SH:  9    Dex:  9    Spells: 4/4 levels left

rFire    . . .     SeeInvis .     - Unarmed
rCold    . . .     Gourm    +   b - +0 shield
rNeg     . . .     Faith    .   a - +0 robe
rPois    .         Spirit   .   (helmet restricted)
rElec    .         Reflect  .   (no cloak)
rCorr    .         Harm     .   (gloves unavailable)
MR       .....                  (boots unavailable)
Stlth    ..........             (no amulet)
HPRegen  0.63/turn              (no ring)
MPRegen  0.09/turn              (no ring)

@: mighty, berserking, very quick
A: large, unfitting armour, claws 3, fast metabolism 3, gourmand, regeneration
1, shaggy fur 1, tough skin 2
a: no special abilities


You were on level 4 of the Dungeon.
You were very full.

You visited 1 branch of the dungeon, and saw 5 of its levels.

You collected 41 gold pieces.

Inventory:

Armour
 a - a +0 robe (worn)
 b - a +0 shield (worn)
Scrolls
 e - a scroll of identify {unknown}
 f - 2 scrolls of teleportation {unknown}
 g - a scroll of magic mapping {unknown}
 i - a scroll of noise {unknown}
 k - a scroll of enchant armour {unknown}
Comestibles
 d - 3 rations


   Skills:
 + Level 3.4 Fighting
 - Level 2.4 Dodging
 + Level 3.4 Shields
 * Level 4.6 Unarmed Combat


You had 4 spell levels left.
You didn't know any spells.
Your spell library was empty.

Dungeon Overview and Level Annotations

Branches:
Dungeon (5/15)
 Temple: D:4-7

Altars:


Innate Abilities, Weirdness & Mutations

You are too large for most types of armour.
You have claws for hands.
Your metabolism is lightning-fast.
You like to eat raw meat.
Your natural rate of healing is unusually fast.
You are covered in fur. (AC +1)
You have very tough skin. (AC +2)


Message History

You scratch the orc.
The orc is heavily wounded.
You block the orc's attack.
The orc priest mumbles some strange prayers to Beogh against you.
Beogh smites you!
* * * LOW HITPOINT WARNING * * *
It was a potion of curing.
You feel better. The orc hits you with a club.
* * * LOW HITPOINT WARNING * * *
You feel better.
The orc priest calls down the wrath of Beogh upon you.
Beogh smites you!
* * * LOW HITPOINT WARNING * * *
The orc hits you with a club.
* * * LOW HITPOINT WARNING * * *
It was a potion of berserk rage.
A red film seems to cover your vision as you go berserk!
You feel yourself moving faster!
You feel mighty!
The orc priest mumbles some strange prayers to Beogh against you.
Beogh smites you!
You die...

###.#
...######
##......#
##...##
#.....#
##...##
##.## #.#
#@# #o#


.oo ..... ....... ......... ..........+ ...........# You could see an orc priest
and 2 orcs.

Vanquished Creatures
  A sky beast (D:4)
  2 orc priests (D:4)
  2 orc wizards (D:4)
  A worker ant (D:4)
  An adder (D:4)
  A shadow imp (D:5)
  A dart slug (D:3)
  4 orcs (D:4)
  2 giant cockroaches
  A goblin (D:1)
  A hobgoblin (D:1)
  3 kobolds
  A quokka (D:3)
  A frilled lizard (D:2)
  3 rats
25 creatures vanquished.

Notes
Turn   | Place    | Note
-------+----------+-------------------------------------------
     0 | D:1      | iamserjio the Troll Fighter began the quest for the Orb.
     0 | D:1      | Reached XP level 1. HP: 22/22 MP: 0/0
    97 | D:3      | Reached XP level 2. HP: 29/29 MP: 1/1
   159 | D:3      | You fall through a shaft for 2 floors!
   159 | D:5      | Entered Level 5 of the Dungeon
   224 | D:4      | Reached skill level 3 in Unarmed Combat
   224 | D:4      | Reached XP level 3. HP: 25/36 MP: 2/2
   231 | D:4      | Reached XP level 4. HP: 14/44 MP: 3/3
   312 | D:4      | Noticed a sky beast
   317 | D:4      | Killed a sky beast
   317 | D:4      | Reached skill level 4 in Unarmed Combat
   317 | D:4      | Reached XP level 5. HP: 45/53 MP: 4/4
   343 | D:4      | Killed from afar by an orc priest

Skill      XL: |  1  2  3  4 |
---------------+-------------+-----
Unarmed Combat | 3 4 |  4.6
Fighting       | 3 |  3.4
Shields        | 3 |  3.4
Dodging        | |  2.4

Action                   |  1- 3 |  4- 6 || total
-------------------------+-------+-------++-------
Melee: Unarmed           |    47 |    41 ||    88
  Use: Potion            |       |     4 ||     4
  Eat: Chunk             |       |     7 ||     7
Armor: Robe              |     9 |     7 ||    16
Dodge: Dodged            |    12 |     8 ||    20
Block: Shield            |    16 |     8 ||    24
